AoeStats
← LinX

Hideout

509903906Analyzed
1v1 RM · 3d ago on Sep 28, 2026· 21m 41s· 2 players
Game mode
Random Map
Map size
Tiny (2 player)
Population
200
Speed
Normal
Resources
Standard
Victory
Conquest
Starting age
Dark Age
Ending age
Imperial Age
RankedLock teamsTeams togetherTeam positionsShared explorationLock speedFull tech treeHidden civsTurbo modeCheats
Victory
Defeat
🇨🇦 Danes · Canada
1403
+14
🇹🇼 Wei · Taiwan
1368
-14
Feather
6:08 Loom
8:45 Feudal Age
9:22 Double-Bit Axe
9:19 Horse Collar
17:28 Castle Age
15:31 Fletching
16:58 Gold Mining
18:22 Bodkin Arrow
LinX
9:10 Loom
11:08 Feudal Age
15:05 Castle Age
13:01 Double-Bit Axe
13:44 Horse Collar
15:09 Scale Mail Armor
20:17 Squires
Connection lost

Rejoining the realm…

Still unreachable

The connection could not be restored.

Session expired

The server has moved on; the page needs a fresh start.